 Dungeon Crawl Stone Soup version 0.30.2 (webtiles) character file.

Game seed: 8097930060806244956

14798 porpoise the Covert (level 12, 0/97 HPs)
             Began as a Gnoll Delver on Apr 6, 2024.
             Was an Initiate of Ashenzari.
             Slain by an elephant (14 damage)
             ... on level 1 of the Lair of Beasts.
             The game lasted 00:43:12 (14065 turns).

porpoise the Covert (Gnoll Delver)                 Turns: 14065, Time: 00:43:13

Health: 0/97       AC: 16    Str: 23    XL:     12   Next: 20%
Magic:  23/23      EV: 13    Int: 10    God:    Ashenzari [......]
Gold:   837        SH: 12    Dex: 13    Spells: 25/25 levels left

rFire   . . .        a - +1 hand axe (venom)
rCold   . . .        N - +1 buckler
rNeg    . . .        f - +4 scale mail {rPois}
rPois   +            (no helmet)
rElec   .            I - scarf {repulsion}
rCorr   +            y - +0 pair of gloves
SInv    .            h - +2 pair of boots
Will    .....        C - amulet of reflection
Stlth   ++++         G - +6 ring of strength
HPRegen 0.36/turn    D - ring of resist corrosion
MPRegen 0.18/turn

%: repel missiles, reflection
@: on berserk cooldown
A: fangs 1, strong nose, distributed training
a: Renounce Religion, Curse Item


You were on level 1 of the Lair of Beasts.
You worshipped Ashenzari.
Ashenzari was noncommittal.
You visited 3 branches of the dungeon, and saw 13 of its levels.
You also visited: Bailey.

You collected 1023 gold pieces.
You spent 186 gold pieces at shops.

Inventory:

Hand Weapons
 a - a +1 hand axe of venom (weapon)
 b - a +0 sling of flaming
 w - a +1 war axe of flaming
 M - the +6 spear of Contradiction {antimagic, Int+3 Dex+4 Stlth-}
   (You found it on level 5 of the Dungeon)

   Int:       It affects your intelligence (+3).
   Dex:       It affects your dexterity (+4).
   Stlth:     It makes you less stealthy.
Missiles
 n - 28 boomerangs
 q - 5 silver javelins
 B - a curare-tipped dart (quivered)
 J - 4 throwing nets
 P - 2 javelins
Armour
 f - a +4 scale mail of poison resistance (worn)
 h - a +2 pair of boots (worn)
 y - a +0 pair of gloves (worn)
 z - the +1 robe "Foefaph" {Dex+3}
   (You took it off a hobgoblin on level 4 of the Dungeon)

   Dex:       It affects your dexterity (+3).
 I - a scarf of repulsion (worn)
 K - +0 steam dragon scales
 N - a +1 buckler (worn)
Magical Staves
 V - the staff of death "Ixkeneip" {rN+ Str+6}
   (You found it in a bailey)

   [staff of death]

   Base accuracy: +5 Base damage: 5 Base attack delay: 1.2 This weapon's minimum
   attack delay (0.6) is reached at skill level 12.
   Str:       It affects your strength (+6).
   rN:        It protects you from negative energy.
   It falls into the 'Staves' category.
   It is a one-handed weapon.
Jewellery
 l - a ring of positive energy
 v - a ring of flight
 A - a ring of protection from cold
 C - an amulet of reflection (around neck)
 D - a ring of resist corrosion (right hand)
 G - a +6 ring of strength (left hand)
 Q - a +6 ring of intelligence
 R - an amulet of the acrobat
 Z - a +6 ring of dexterity
Wands
 g - a wand of digging (1)
 j - a wand of flame (5)
 s - a wand of roots (1)
Scrolls
 c - 3 scrolls of fog
 d - 4 scrolls of magic mapping
 e - 6 scrolls of fear
 i - 2 scrolls of vulnerability
 k - 5 scrolls of poison
 E - 5 scrolls of teleportation
 H - a scroll of butterflies
 O - a scroll of immolation {unknown}
 S - a scroll of enchant armour
 X - a scroll of amnesia {unknown}
Potions
 m - a potion of ambrosia
 p - 4 potions of brilliance
 r - 4 potions of lignification
 u - 2 potions of attraction
 x - 2 potions of mutation


   Skills:
 + Level 9.9 Fighting
 + Level 7.3 Short Blades
 + Level 7.3 Long Blades
 + Level 8.7 Axes
 + Level 7.3 Maces & Flails
 + Level 7.3 Polearms
 + Level 7.3 Staves
 + Level 7.3 Ranged Weapons
 + Level 7.3 Throwing
 + Level 7.3 Armour
 + Level 8.7 Dodging
 + Level 12.0 Stealth
 + Level 7.3 Shields
 + Level 7.3 Unarmed Combat
 + Level 7.3 Spellcasting
 + Level 6.1 Conjurations
 + Level 6.1 Hexes
 + Level 6.1 Summonings
 + Level 6.1 Necromancy
 + Level 6.1 Translocations
 + Level 6.1 Transmutations
 + Level 6.1 Fire Magic
 + Level 6.1 Ice Magic
 + Level 6.1 Air Magic
 + Level 6.1 Earth Magic
 + Level 6.1 Poison Magic
 + Level 8.0 Invocations
 + Level 7.3 Evocations


You had 25 spell levels left.
You didn't know any spells.
Your spell library contained the following spells:

 Spells                   Type           Power      Damage    Failure   Level
 Lesser Beckoning         Tloc           30%        N/A       6%          2
 Gell's Gravitas          Tloc           15%        N/A       12%         3
 Teleport Other           Tloc           15%        N/A       12%         3


Dungeon Overview and Level Annotations

Branches:
Dungeon (10/15)            Temple (1/1) D:6            Lair (2/5) D:10
 Bailey (visited)
  Swamp: Lair:2-3    Shoals: Lair:2-3     Snake: Lair:2-3    Spider: Lair:2-3
    Orc: D:9-12

Altars:
Ashenzari
Cheibriados
Dithmenos
Elyvilon
Fedhas
Gozag
Hepliaklqana
Kikubaaqudgha
Makhleb
Nemelex Xobeh
Okawaru
Qazlal
Ru
Sif Muna
Trog
Uskayaw
Vehumet
Wu Jian
Xom
Yredelemnul
Zin
The Shining One

Shops:
D:9 **


Innate Abilities, Weirdness & Mutations

You have very sharp teeth.
Your uncanny sense of smell can sniff out nearby items.
Your experience applies equally to all skills.


Message History

The elephant tramples you but does no damage.
The elephant closely misses you. The elephant tramples you.
* * * LOW HITPOINT WARNING * * *
You hold your ground!
The elephant trunk-slaps you but does no damage.
You block the elephant's attack. The elephant closely misses you.
The yak barely misses you. You block the elephant's attack.
The elephant trunk-slaps you but does no damage.
You feel better. The yak barely misses you. The elephant tramples you!
* * * LOW HITPOINT WARNING * * *
You stumble backwards!
You block the elephant's attack.
The elephant trunk-slaps you but does no damage.
You feel better.
The yak looks more healthy.
The elephant tramples you but does no damage.
The elephant trunk-slaps you.
* * * LOW HITPOINT WARNING * * *
The elephant tramples you.
* * * LOW HITPOINT WARNING * * *
You hold your ground!
You block the elephant's attack.
You hit the elephant but do no damage.
The elephant is poisoned.
The elephant is severely wounded.
You slash the elephant!
The elephant looks as sick as possible!
You hit the elephant but do no damage.
The elephant looks as sick as possible!
The elephant is severely wounded.
You hit the elephant but do no damage.
The elephant tramples you but does no damage.
The elephant trunk-slaps you but does no damage.
You block the elephant's attack. The elephant barely misses you.
You completely miss the elephant.
The elephant is severely wounded.
You barely miss the elephant. You block the elephant's attack.
The elephant closely misses you. x2
The elephant trunk-slaps you but does no damage.
Unknown command.
You hit the elephant but do no damage.
The elephant looks as sick as possible!
The elephant is severely wounded.
You hit the elephant but do no damage.
The elephant looks as sick as possible!
The elephant closely misses you. The elephant completely misses you.
The elephant tramples you!
You die...

...........# ##...........
..........## ##....#.###.
...........# #.#........
...........# ##†.#......
............ ##.##.#.#.###
............ ##.## ..#....
............
##.##...#.....#
............
#####.......#8.>.8#
............ #.@YY......##
....
.................Y..######
8. #..............#.####
÷#..........#.####
###÷......##.#
##.......#### ##..P#.##
#..##### ##.##


You could see 2 elephants and a yak.

Vanquished Creatures
  An orc warlord (Bailey)
  A cyclops (D:10)
  3 elephants (Lair:1)
  2 black mambas (Lair:1)
  A kobold demonologist (D:10)
  3 komodo dragons
  3 cane toads
  2 trolls (D:10)
  2 wyverns (Lair:1)
  A wraith (D:10)
  A shadow (D:9)
  23 yaks
  3 steam dragons
  A basilisk (Lair:1)
  Edmund (D:4)
  2 acid dragons (D:10)
  2 water moccasins
  9 orc warriors
  4 ice beasts
  3 black bears
  2 ogres (D:5)
  4 centaurs
  A phantom (D:4)
  2 kobold brigands
  5 bullfrogs
  A gnoll sergeant (D:6)
  3 scorpions
  6 wights
  A killer bee (D:10)
  4 electric eels (D:8)
  7 howler monkeys
  4 hounds
  4 jellies
  10 orc priests
  2 iguanas (D:5)
  2 sleepcaps
  Jessica (D:3)
  10 orc wizards
  10 gnolls
  7 adders
  4 white imps
  An ufetubus (D:6)
  2 worms
  51 orcs
  5 ball pythons
  6 endoplasms
  4 giant cockroaches
  10 goblins
  7 hobgoblins
  16 jackals
  22 kobolds
  A quokka (D:1)
  3 bats
  4 frilled lizards
  5 rats
295 creatures vanquished.

Vanquished Creatures (others)
  2 orcs (D:8)
2 creatures vanquished.

Grand Total: 297 creatures vanquished

Notes
Turn   | Place    | Note
-------+----------+-------------------------------------------
     0 | D:5      | Reached skill level 9 in Stealth
     0 | D:5      | porpoise the Gnoll Delver began the quest for the Orb.
     0 | D:5      | Reached XP level 1. HP: 23/23 MP: 1/1
    33 | D:3      | Noticed Jessica
    37 | D:3      | Killed Jessica
    38 | D:3      | Reached XP level 2. HP: 29/29 MP: 1/3
    38 | D:3      | Reached XP level 3. HP: 35/35 MP: 1/4
   141 | D:3      | Reached skill level 1 in Invocations
   398 | D:1      | Reached skill level 1 in Short Blades
   398 | D:1      | Reached skill level 1 in Long Blades
   398 | D:1      | Reached skill level 1 in Maces & Flails
   398 | D:1      | Reached skill level 1 in Polearms
   398 | D:1      | Reached skill level 1 in Staves
   398 | D:1      | Reached skill level 1 in Ranged Weapons
   398 | D:1      | Reached skill level 1 in Throwing
   398 | D:1      | Reached skill level 1 in Armour
   398 | D:1      | Reached skill level 1 in Shields
   398 | D:1      | Reached skill level 1 in Unarmed Combat
   398 | D:1      | Reached skill level 1 in Spellcasting
   398 | D:1      | Reached skill level 1 in Evocations
   934 | D:1      | Found a faded altar of an unknown god.
  1268 | D:2      | Reached XP level 4. HP: 41/41 MP: 5/5
  1368 | D:2      | Reached skill level 1 in Conjurations
  1368 | D:2      | Reached skill level 1 in Hexes
  1368 | D:2      | Reached skill level 1 in Summonings
  1368 | D:2      | Reached skill level 1 in Necromancy
  1368 | D:2      | Reached skill level 1 in Translocations
  1368 | D:2      | Reached skill level 1 in Transmutations
  1368 | D:2      | Reached skill level 1 in Fire Magic
  1368 | D:2      | Reached skill level 1 in Ice Magic
  1368 | D:2      | Reached skill level 1 in Air Magic
  1368 | D:2      | Reached skill level 1 in Earth Magic
  1368 | D:2      | Reached skill level 1 in Poison Magic
  2251 | D:3      | Reached XP level 5. HP: 44/47 MP: 5/7
  2949 | D:4      | Found a radiant altar of Vehumet.
  2967 | D:4      | Found a shimmering altar of Xom.
  2968 | D:4      | Noticed a phantom
  2990 | D:4      | Killed a phantom
  3152 | D:4      | Reached XP level 6. HP: 36/53 MP: 8/8
  3349 | D:4      | Noticed a black bear
  3354 | D:4      | Identified the +1 robe "Foefaph" {Dex+3}
  3357 | D:4      | Reached skill level 5 in Axes
  3357 | D:4      | Reached skill level 5 in Dodging
  3371 | D:4      | Killed a black bear
  3913 | D:4      | Found a white marble altar of Elyvilon.
  4103 | D:4      | Noticed Edmund
  4133 | D:4      | Killed Edmund
  4134 | D:4      | Reached XP level 7. HP: 25/59 MP: 10/10
  4376 | D:5      | Reached skill level 10 in Stealth
  4630 | D:5      | Found an iron altar of Okawaru.
  4670 | D:5      | Identified the +6 spear of Contradiction {antimagic, Int+3
                  | Dex+4 Stlth-}
  4823 | D:5      | Reached XP level 8. HP: 67/67 MP: 12/12
  6159 | D:6      | Reached XP level 9. HP: 73/73 MP: 14/14
  6177 | D:6      | Found a staircase to the Ecumenical Temple.
  6188 | Temple   | Entered the Ecumenical Temple
  6222 | Temple   | Became a worshipper of Ashenzari the Shackled
  6660 | D:6      | Found a shadowy altar of Dithmenos.
  7180 | D:7      | Reached skill level 5 in Invocations
  7941 | D:8      | Reached skill level 5 in Short Blades
  7941 | D:8      | Reached skill level 5 in Long Blades
  7941 | D:8      | Reached skill level 5 in Maces & Flails
  7941 | D:8      | Reached skill level 5 in Polearms
  7941 | D:8      | Reached skill level 5 in Staves
  7941 | D:8      | Reached skill level 5 in Ranged Weapons
  7941 | D:8      | Reached skill level 5 in Throwing
  7941 | D:8      | Reached skill level 5 in Armour
  7941 | D:8      | Reached skill level 5 in Shields
  7941 | D:8      | Reached skill level 5 in Unarmed Combat
  7941 | D:8      | Reached skill level 5 in Spellcasting
  7941 | D:8      | Reached skill level 5 in Evocations
  7941 | D:8      | Reached XP level 10. HP: 48/81 MP: 17/17
  8128 | D:8      | Found a runed translucent door.
  8414 | D:8      | Found a flagged portal.
  8489 | Bailey   | Entered a bailey
  8494 | Bailey   | Noticed an orc warlord
  8978 | Bailey   | Found a runed translucent gate.
  8980 | Bailey   | Found a runed translucent gate.
  8981 | Bailey   | Found a runed translucent gate.
  9055 | Bailey   | Killed an orc warlord
  9056 | Bailey   | Reached skill level 11 in Stealth
  9183 | Bailey   | Identified the staff of death "Ixkeneip" {rN+ Str+6}
  9208 | Bailey   | Noticed an orc knight
  9212 | D:8      | Acquired 424 gold pieces
  9427 | D:8      | Found a shimmering blue altar of Sif Muna.
 10450 | D:9      | Found Zin's Purification Station.
 10460 | D:9      | Found a glowing silver altar of Zin.
 10595 | D:9      | Reached skill level 5 in Conjurations
 10595 | D:9      | Reached skill level 5 in Hexes
 10595 | D:9      | Reached skill level 5 in Summonings
 10595 | D:9      | Reached skill level 5 in Necromancy
 10595 | D:9      | Reached skill level 5 in Translocations
 10595 | D:9      | Reached skill level 5 in Transmutations
 10595 | D:9      | Reached skill level 5 in Fire Magic
 10595 | D:9      | Reached skill level 5 in Ice Magic
 10595 | D:9      | Reached skill level 5 in Air Magic
 10595 | D:9      | Reached skill level 5 in Earth Magic
 10595 | D:9      | Reached skill level 5 in Poison Magic
 10595 | D:9      | Reached XP level 11. HP: 83/89 MP: 20/20
 11176 | D:9      | Found Fufuul's Specific Store.
 11191 | D:9      | Found Zannuriveu's General Store.
 11247 | D:9      | Bought a +1 war axe of flaming for 186 gold pieces
 11335 | D:9      | Identified the +1 robe of Wu Jian's Benevolence {rPois
                  | rCorr}
 11457 | D:10     | Entered Level 10 of the Dungeon
 11483 | D:10     | Found an opulent altar of Gozag.
 11629 | D:10     | Noticed a sun demon
 11848 | D:10     | Noticed a cyclops
 11863 | D:10     | Killed a cyclops
 12235 | D:10     | Found a blossoming altar of Fedhas.
 12259 | D:10     | Found a staircase to the Lair.
 12280 | D:10     | Found a stormy altar of Qazlal.
 12954 | Lair:1   | Entered Level 1 of the Lair of Beasts
 13562 | Lair:1   | You fall into a shaft and drop 1 floor!
 13984 | Lair:1   | Reached XP level 12. HP: 71/97 MP: 22/22
 14040 | Lair:1   | Reached skill level 12 in Stealth
 14058 | Lair:1   | HP: 4/97 [elephant (3)]
 14065 | Lair:1   | Slain by an elephant

Illustrated notes

Levels and vault maps discovered:
D:1:      minmay_arrival_four_houses, layout_loops_cross,
          dreamdust_ecumenical_altar_statues, serial_rivers,
          chequers_serial_rivers_small_b, chequers_serial_rivers_large_a,
          chequers_serial_rivers_marsh, chequers_serial_rivers_room_b,
          chequers_serial_rivers_micro_a, chequers_serial_rivers_micro_b
D:2:      layout_basic, skrybe_limestone_x
D:3:      layout_rooms, kennysheep_generic_room_15, uniq_jessica
D:4:      layout_basic, lemuel_tele_altar, general_overflow_altar,
          lemuel_crystal_altar, minivault_14, minmay_box_of_dots, uniq_edmund
D:5:      layout_rooms, okawaru_ov_weapons_minmay
D:6:      layout_rooms, nicolae_dithmenos_through_a_glass_darkly,
          minmay_temple_entry_grid
D:7:      layout_loops_ring
D:8:      layout_cave_pools, tgw_sif, enter_bailey_8, serial_bayou,
          serial_bayou_pond_d, serial_bayou_pond_d, serial_bayou_lake_a,
          serial_bayou_shore_a, serial_bayou_lagoon_a, lightli_church_of_beogh
D:9:      layout_irregular_city, zin_purify, nicolae_specific_store,
          minivault_11
D:10:     wad_crossroads, layout_cave_pools, nicolae_qazlal_scattered_showers,
          mainiacjoe_overflow_catwalk, fedhas_altar_4, david_lair_shrubbed,
          minmay_fountain_box
Temple:   hellmonk_temple_two_chambers
Lair:1:   layout_cave_pods, ebering_ghost_funeral_grove, grunt_megastairs_2,
          uniq_gastronok
Lair:2:   layout_loops_ring, nicolae_swamp_entry_splash_gauntlet,
          guppyfry_lair_drakes

Skill      XL: |  1  2  3  4  5  6  7  8  9 10 11 12 |
---------------+-------------------------------------+-----
Stealth        | 10 11 12 | 12.0
Invocations    | 1 2 3 4 5 6 7 8 |  8.0
Short Blades   | 1 2 3 5 6 7 |  7.3
Long Blades    | 1 2 3 5 6 7 |  7.3
Maces & Flails | 1 2 3 5 6 7 |  7.3
Polearms       | 1 2 3 5 6 7 |  7.3
Staves         | 1 2 3 5 6 7 |  7.3
Ranged Weapons | 1 2 3 5 6 7 |  7.3
Throwing       | 1 2 3 5 6 7 |  7.3
Armour         | 1 2 3 5 6 7 |  7.3
Shields        | 1 2 3 5 6 7 |  7.3
Unarmed Combat | 1 2 3 5 6 7 |  7.3
Spellcasting   | 1 2 3 5 6 7 |  7.3
Evocations     | 1 2 3 5 6 7 |  7.3
Conjurations   | 1 2 3 4 5 6 |  6.1
Hexes          | 1 2 3 4 5 6 |  6.1
Summonings     | 1 2 3 4 5 6 |  6.1
Necromancy     | 1 2 3 4 5 6 |  6.1
Translocations | 1 2 3 4 5 6 |  6.1
Transmutations | 1 2 3 4 5 6 |  6.1
Fire Magic     | 1 2 3 4 5 6 |  6.1
Ice Magic      | 1 2 3 4 5 6 |  6.1
Air Magic      | 1 2 3 4 5 6 |  6.1
Earth Magic    | 1 2 3 4 5 6 |  6.1
Poison Magic   | 1 2 3 4 5 6 |  6.1
Axes           | 5 6 7 8 |  8.7
Dodging        | 5 6 7 8 |  8.7
Fighting       | 7 8 9 |  9.9

Action                     |  1- 3 |  4- 6 |  7- 9 | 10-12 || total
---------------------------+-------+-------+-------+-------++-------
  Melee: Hand axe          |    67 |    89 |   191 |   550 ||   897
         Bite              |     5 |    14 |    36 |    77 ||   132
         Punch             |       |     3 |    15 |       ||    18
         Dagger            |       |    82 |   108 |       ||   190
         Spear             |       |       |    33 |     9 ||    42
         War axe           |       |       |    10 |    39 ||    49
         Unarmed           |       |       |       |     1 ||     1
   Fire: Sling             |     1 |    62 |    65 |    17 ||   145
  Throw: Boomerang         |       |     5 |       |       ||     5
         Dart              |       |       |     2 |     1 ||     3
         Javelin           |       |       |       |     4 ||     4
  Evoke: Wand              |       |       |       |     7 ||     7
    Use: Scroll            |       |     3 |     3 |    10 ||    16
         Potion            |       |     1 |     4 |    10 ||    15
   Stab: Sleeping          |     4 |     3 |     6 |     5 ||    18
         Distracted        |       |       |       |     2 ||     2
 Armour: Leather armour    |    12 |       |       |       ||    12
         Ring mail         |     7 |    71 |       |       ||    78
         Scale mail        |       |       |   179 |   176 ||   355
  Dodge: Dodged            |    51 |    91 |   175 |   247 ||   564
         Repelled          |       |       |       |     5 ||     5
  Block: Other             |       |     1 |    57 |       ||    58
         Buckler           |       |       |    61 |   319 ||   380
         Reflection        |       |       |     3 |    16 ||    19
